 Dungeon Sprint DCSS version 0.29-a0-284-gf9362112df (webtiles) character file.

Game seed: 12968214118128996351

2314 mhtbhm the Cleaver (level 9, -5/109 HPs)
             Began as an Octopode Berserker on Apr 1, 2022.
             Was an Elder of Trog.
             Slain by a centaur warrior (10 damage)
             ... in the Dungeon (Sprint I: "Red Sonja").
             The game lasted 00:01:41 (973 turns).

mhtbhm the Cleaver (Octopode Berserker)              Turns: 973, Time: 00:01:42

Health: -5/109     AC:  1    Str: 20    XL:     9   Next: 41%
Magic:  9/9        EV: 17    Int: 10    God:    Trog [****..]
Gold:   824        SH:  0    Dex: 11    Spells: 8/8 levels left

rFire   . . .      SeeInvis .   a - +0 hand axe
rCold   . . .      Faith    .   (no shield)
rNeg    . . .      Spirit   .   (helmet restricted)
rPois   .          Reflect  .   j - amulet of the acrobat
rElec   .          Harm     .   (no ring)
rCorr   .          Rampage  .   (no ring)
Will    .....      NoTele   +   (no ring)
Stlth   ..........              (no ring)
HPRegen 0.28/turn               (no ring)
MPRegen 0.11/turn               (no ring)
                                (no ring)
                                (no ring)

@: berserking, very quick
A: almost no armour, amphibious, 8 rings, camouflage 1, gelatinous body 1,
(nimble swimmer 1), tentacles
a: Renounce Religion, Berserk, Trog's Hand, Brothers in Arms


You were in the Dungeon.
You worshipped Trog.
Trog was greatly pleased with you.
You visited 1 branch You collected 824 gold pieces.

Inventory:

Hand Weapons
 a - a +0 hand axe (weapon)
Missiles
 l - 4 curare-tipped darts (quivered)
Jewellery
 j - an amulet of the acrobat (around mantle)
Wands
 h - a wand of polymorph (6)
Scrolls
 g - a scroll of blinking
 i - 2 scrolls of magic mapping {unknown}
 n - a scroll of identify {unknown}
 o - a scroll of enchant armour {unknown}
Potions
 b - 3 potions of curing
 d - a potion of haste
 e - 2 potions of magic
 f - 2 potions of berserk rage
 k - a potion of lignification {unknown}
 m - a potion of degeneration {unknown}


   Skills:
 + Level 11.9 Fighting
 + Level 13.0 Axes
 + Level 1.9 Throwing
 + Level 11.8 Dodging
 + Level 5.9 Stealth


You had 8 spell levels left.
You didn't know any spells.
Your spell library was empty.

Dungeon Overview and Level Annotations

Branches:
Dungeon (1/1)

Altars:
Cheibriados
Dithmenos
Elyvilon
Fedhas
Gozag
Hepliaklqana
Kikubaaqudgha
Makhleb
Nemelex Xobeh
Okawaru
Qazlal
Ru
Sif Muna
Trog
Uskayaw
Vehumet
Wu Jian
Xom
Yredelemnul
Zin
The Shining One
Jiyva
Lugonu

Shops:
D [![


Innate Abilities, Weirdness & Mutations

You cannot wear most types of armour.
You are amphibious.
You can wear up to eight rings at the same time.
Your skin changes colour to match your surroundings (Stealth+).
Your rubbery body absorbs attacks. (AC +1, EV +1)
((You are camouflaged when in or above water. (Stealth+)))
You have tentacles for arms and can constrict up to eight enemies at once.


Message History

The centaur warrior shouts!
The centaur warrior wields a +0 longbow.
The centaur warrior shoots an arrow.
The arrow hits you!!
The centaur warrior shoots an arrow.
The arrow hits you!!
The centaur warrior shouts!
Found 24 gold pieces.
Unknown command.
The centaur warrior unwields a +0 longbow.
The centaur warrior completely misses you.
The centaur warrior kicks you but does no damage.
The centaur warrior completely misses you.
The centaur warrior misses you.
You feel much better. The centaur warrior hits you.
The centaur warrior kicks you. The centaur warrior hits you.
The centaur warrior kicks you. The centaur warrior hits you.
The centaur warrior kicks you but does no damage.
The centaur warrior misses you. The centaur warrior kicks you.
A red film seems to cover your vision as you go berserk!
You feel yourself moving faster!
You feel mighty! The centaur warrior hits you!
The centaur warrior closely misses you. The centaur warrior hits you!
* * * LOW HITPOINT WARNING * * *
The centaur warrior kicks you.
* * * LOW HITPOINT WARNING * * *
You slash the centaur warrior!
The centaur warrior is lightly wounded.
You hit the centaur warrior. The centaur warrior hits you!
* * * LOW HITPOINT WARNING * * *
The centaur warrior kicks you.
* * * LOW HITPOINT WARNING * * *
The centaur warrior hits you!
* * * LOW HITPOINT WARNING * * *
The centaur warrior closely misses you.
Unknown command.
You closely miss the centaur warrior. You squeeze the centaur warrior!
The centaur warrior is heavily wounded.
You slash the centaur warrior! You hit the centaur warrior.
You squeeze the centaur warrior!
The centaur warrior is almost dead.
You barely miss the centaur warrior. The centaur warrior hits you!
You die...

#######################
#..)..#..'..#__#..')..#
)..#..').#..'..'..#)..#
#####'#####'#__####...+
####..#...#.####§§#####
#__####..##.#≈≈§cc#
#_____##'#_.+§§§@§+
#_.∩...'..._#§§≈§.#
#_..__##_.#'##§####
#_____###)#.#.§)[###
#########.####'###.##
.......'[..'.....'.∩#
++++####...##########
###.### #.#'#.#


You could see 2 centaur warriors.

Vanquished Creatures
  Sonja (D)
  A deep troll (D)
  2 kobold demonologists (D)
  A slime creature (D)
  Sigmund (D)
  A yak (D)
  A floating eye (D)
  An ogre (D)
  A jelly (D)
  Ijyb (D)
11 creatures vanquished.

Vanquished Creatures (others)
  2 ballistomycete spores (D)
2 creatures vanquished.

Grand Total: 13 creatures vanquished

Notes
Turn   | Place    | Note
-------+----------+-------------------------------------------
     0 | D        | mhtbhm the Octopode Berserker began the quest for the Orb.
     0 | D        | Reached XP level 1. HP: 16/16 MP: 1/1
     1 | D        | Noticed Ijyb
     9 | D        | Killed Ijyb
    10 | D        | Reached skill level 4 in Axes
    10 | D        | Reached XP level 2. HP: 23/23 MP: 2/2
    10 | D        | Reached XP level 3. HP: 27/27 MP: 3/3
    51 | D        | Noticed an ogre
    56 | D        | Killed an ogre
    57 | D        | Reached skill level 6 in Axes
    57 | D        | Reached XP level 4. HP: 36/36 MP: 4/4
    57 | D        | Reached XP level 5. HP: 41/41 MP: 5/5
   141 | D        | Noticed Sigmund
   147 | D        | Killed Sigmund
   147 | D        | Reached ** piety under Trog
   148 | D        | Reached skill level 8 in Axes
   148 | D        | Reached XP level 6. HP: 49/49 MP: 6/6
   191 | D        | Found an ornate altar of the Wu Jian Council.
   191 | D        | Found a shimmering blue altar of Sif Muna.
   193 | D        | Found a radiant altar of Vehumet.
   354 | D        | Found Lygyluajau's Distillery.
   354 | D        | Found an ancient bone altar of Kikubaaqudgha.
   354 | D        | Found a hazy altar of Hepliaklqana.
   354 | D        | Found a stormy altar of Qazlal.
   354 | D        | Found a hide-covered altar of Uskayaw.
   354 | D        | Found a blossoming altar of Fedhas.
   354 | D        | Found a bloodstained altar of Trog.
   354 | D        | Found an iron altar of Okawaru.
   354 | D        | Found a basalt altar of Yredelemnul.
   354 | D        | Found a glowing golden altar of the Shining One.
   354 | D        | Found a snail-covered altar of Cheibriados.
   354 | D        | Found a sacrificial altar of Ru.
   354 | D        | Found a glowing silver altar of Zin.
   354 | D        | Found a shadowy altar of Dithmenos.
   354 | D        | Found a white marble altar of Elyvilon.
   354 | D        | Noticed a yak
   355 | D        | Found an opulent altar of Gozag.
   366 | D        | Killed a yak
   367 | D        | Reached skill level 9 in Axes
   367 | D        | Reached XP level 7. HP: 39/56 MP: 7/7
   367 | D        | Found a sparkling altar of Nemelex Xobeh.
   466 | D        | Noticed Sonja
   469 | D        | Killed Sonja
   469 | D        | Reached *** piety under Trog
   470 | D        | Reached skill level 10 in Fighting
   470 | D        | Reached skill level 11 in Axes
   470 | D        | Reached skill level 10 in Dodging
   470 | D        | Reached XP level 8. HP: 64/64 MP: 8/8
   511 | D        | Found Ofuemom's Armour Boutique.
   631 | D        | Noticed a deep troll
   641 | D        | Killed a deep troll
   642 | D        | Reached skill level 1 in Throwing
   656 | D        | Found Wiveblo's Armour Emporium.
   700 | D        | Found a burning altar of Makhleb.
   700 | D        | Found a viscous altar of Jiyva.
   700 | D        | Found a shimmering altar of Xom.
   700 | D        | Found a corrupted altar of Lugonu.
   700 | D        | Noticed a slime creature
   708 | D        | Killed a slime creature
   709 | D        | Reached skill level 12 in Axes
   709 | D        | Reached skill level 5 in Stealth
   709 | D        | Reached XP level 9. HP: 46/72 MP: 9/9
   886 | D        | Noticed a kobold demonologist
   886 | D        | Noticed a kobold demonologist
   887 | D        | Noticed a rust devil
   892 | D        | Noticed a hellwing
   893 | D        | Killed a kobold demonologist
   893 | D        | Reached **** piety under Trog
   897 | D        | Killed a kobold demonologist
   898 | D        | Reached skill level 13 in Axes
   965 | D        | Noticed a centaur warrior
   966 | D        | Noticed a centaur warrior
   971 | D        | HP: 5/109 [centaur warrior (8)]
   973 | D        | Slain by a centaur warrior

Illustrated notes

Levels and vault maps discovered:
D:        dungeon_sprint_1 [red_sonja_temple_1, red_sonja_temple_small_1]

Skill      XL: |  1  2  3  4  5  6  7  8  9 |
---------------+----------------------------+-----
Fighting       | 4 6 7 8 10 11 | 11.9
Axes           | 4 6 8 9 11 12 13 | 13.0
Dodging        | 4 6 7 8 10 11 | 11.8
Stealth        | 2 3 5 |  5.9
Throwing       | 1 |  1.9

Action                   |  1- 3 |  4- 6 |  7- 9 || total
-------------------------+-------+-------+-------++-------
Melee: Hand axe          |     9 |    19 |    20 ||    48
       Punch             |     1 |       |       ||     1
       Constrict         |       |     1 |     3 ||     4
       Tentacles         |       |     5 |     8 ||    13
Throw: Dart              |       |       |     4 ||     4
Invok: Berserk           |     2 |     1 |     4 ||     7
  Use: Potion            |       |       |     1 ||     1
 Stab: Sleeping          |       |     2 |       ||     2
Armor: Skin              |     2 |     1 |     2 ||     5
Dodge: Dodged            |     2 |     8 |    11 ||    21

Table legend: (Time is in decaauts)
 A = Elapsed time spent in this place.
 B = Non-inter-level travel time spent in this place.
 C = Inter-level travel time spent in this place.
 D = Time resting spent in this place.
 E = Time spent auto-exploring this place.
 F = Levels seen in this place.
 G = Mean time per level.
                   A        B        C        D        E       F      G
               +--------+--------+--------+--------+--------+-----+--------+
         Total |   1012 |   1012 |      0 |    663 |      1 |   1 | 1012.0 |
       Dungeon |   1012 |   1012 |      0 |    663 |      1 |   1 | 1012.0 |
               +--------+--------+--------+--------+--------+-----+--------+

Top non-repeatable levels by time:
       D: 1012 daAuts
